 Dungeon Crawl Stone Soup version 0.26-a0-466-g989023bd0d (webtiles) character file.

Game seed: 13782980981225031141

75 kae the Insei (level 4, -2/34 HPs)
             Began as a Demonspawn Gladiator on Aug 7, 2020.
             Killed by nerve-wracking pain
             ... invoked by an orc priest
              (6 damage)
             ... on level 2 of the Dungeon.
             The game lasted 00:01:18 (2071 turns).

kae the Insei (Demonspawn Gladiator)                Turns: 2071, Time: 00:01:19

Health: -2/34      AC: 11    Str: 15    XL:     4   Next: 11%
Magic:  4/4        EV: 12    Int:  9    God:
Gold:   153        SH:  0    Dex: 15    Spells: 3/3 levels left

rFire    . . .     SeeInvis .   k - +1 mace (protect)
rCold    . . .     Faith    .   (no shield)
rNeg     . . .     Spirit   .   a - +0 leather armour
rPois    .         Reflect  .   b - +0 helmet
rElec    .         Harm     .   (no cloak)
rCorr    .                      (no gloves)
MR       .....                  (no boots)
Stlth    +.........             (no amulet)
HPRegen  0.11/turn              (no ring)
MPRegen  0.09/turn              (no ring)

@: protection aura
A: hooves 1, powered by death 1
a: no special abilities


You were on level 2 of the Dungeon.
You visited 1 branch of the dungeon, and saw 3 of its levels.

You collected 153 gold pieces.

Inventory:

Hand Weapons
 k - a +1 mace of protection (weapon)
Missiles
 c - 3 throwing nets (quivered)
Armour
 a - a +0 leather armour (worn)
 b - a +0 helmet (worn)
Jewellery
 g - an uncursed ring of protection from fire {unknown}
Scrolls
 e - 6 scrolls of identify {unknown}
 h - a scroll of fog {unknown}
 j - a scroll of fear {unknown}
 n - a scroll of amnesia {unknown}
 o - a scroll of noise {unknown}
 p - a scroll of remove curse {unknown}
Potions
 d - a potion of degeneration {unknown}
 f - a potion of lignification {unknown}
 i - a potion of heal wounds {unknown}
 l - a potion of resistance {unknown}
 m - a potion of invisibility {unknown}


   Skills:
 + Level 2.9 Fighting
 * Level 0.1 Maces & Flails
 - Level 1.7 Throwing
 - Level 2.6 Dodging
 - Level 4.0 Unarmed Combat


You had 3 spell levels left.
You didn't know any spells.
Your spell library was empty.

Dungeon Overview and Level Annotations

Branches:
Dungeon (3/15)

Altars:


Innate Abilities, Weirdness & Mutations

You have large cloven feet.
You regenerate a little health from kills.


Message History

You are too injured to fight recklessly!
You are too injured to fight recklessly!
There is a stone staircase leading up here.
The kobold misses you. The orc priest hits you.
You climb upwards.
There is a stone staircase leading down here.
Unknown command.
You thump the kobold!
Your weapon exudes an aura of protection.
You kill the kobold!
You hit the orc priest but do no damage.
The orc priest calls down the wrath of Beogh upon you.
Beogh smites you!
* * * LOW HITPOINT WARNING * * *
The orc priest hits you but does no damage.
You hit the orc priest. You kick the orc priest.
The orc priest is heavily wounded.
The orc priest invokes the aid of Beogh against you.
Pain shoots through your body!
You die...

##### ....# ###.####
############# ....>..#
######(........†.# .##.##.#
#...........####.# .##.##.#
#.####o####.# #.# .##.##.#
#.####@## #.# #.# ....##.##
#.##..[.###.####.####
........###......#.##.........#
.......[....##..#..##.####.##.#
............##.#...##.# #.##.#
.≈≈......#.....######.# #.##.#
≈........#.^.#.#...#..# #..#.#
≈≈.......#..#...#..##.# ##(#.#
≈........#.#.....#.##.#####.#.#


You could see an orc priest.

Vanquished Creatures
  3 adders (D:2)
  2 oozes (D:2)
  2 leopard geckos
  A ball python (D:1)
  5 bats
  3 giant cockroaches
  6 goblins
  8 hobgoblins
  A quokka (D:2)
  3 frilled lizards
  A kobold (D:2)
  2 rats (D:1)
37 creatures vanquished.

Notes
Turn   | Place    | Note
-------+----------+-------------------------------------------
     0 | D:1      | kae the Demonspawn Gladiator began the quest for the Orb.
     0 | D:1      | Reached XP level 1. HP: 16/16 MP: 1/1
   200 | D:1      | Reached skill level 3 in Unarmed Combat
   352 | D:1      | Gained mutation: You regenerate a little health from kills.
                  | [demonic ancestry]
   352 | D:1      | Reached XP level 2. HP: 7/22 MP: 2/2
  1124 | D:2      | Found a faded altar of an unknown god.
  1145 | D:2      | Reached XP level 3. HP: 8/28 MP: 3/3
  1611 | D:2      | Reached skill level 4 in Unarmed Combat
  1616 | D:2      | Gained mutation: You have large cloven feet. [demonic
                  | ancestry]
  1616 | D:2      | Reached XP level 4. HP: 34/34 MP: 4/4
  2071 | D:2      | Killed from afar by an orc priest

Illustrated notes

Levels and vault maps discovered:
D:1:      dpeg_arrival_central, layout_basic
D:2:      layout_loops_ring, chequers_ecumenical_altar_island,
          chequers_mini_garden, hangedman_decor_diamond_cutter
D:3:      layout_rooms, zin_academy, cheibrodos_sewer_entry_bend

Skill      XL: |  1  2  3 |
---------------+----------+-----
Unarmed Combat | 3 4 |  4.0
Fighting       | |  2.9
Maces & Flails | |  0.1
Throwing       | |  1.7
Dodging        | |  2.6

Action                   |  1- 3 |  4- 6 || total
-------------------------+-------+-------++-------
Melee: Unarmed           |    57 |       ||    57
       Mace              |    82 |    11 ||    93
       Punch             |     1 |       ||     1
       Kick              |       |     6 ||     6
Armor: Leather armour    |    76 |     5 ||    81
Dodge: Dodged            |   124 |     6 ||   130

Table legend: (Time is in decaauts)
 A = Elapsed time spent in this place.
 B = Non-inter-level travel time spent in this place.
 C = Inter-level travel time spent in this place.
 D = Time resting spent in this place.
 E = Time spent auto-exploring this place.
 F = Levels seen in this place.
 G = Mean time per level.
                   A        B        C        D        E       F      G
               +--------+--------+--------+--------+--------+-----+--------+
         Total |   2107 |   1940 |    167 |    341 |   1259 |   3 |  702.3 |
       Dungeon |   2107 |   1940 |    167 |    341 |   1259 |   3 |  702.3 |
               +--------+--------+--------+--------+--------+-----+--------+

Top non-repeatable levels by time:
     D:1: 1064 daAuts
     D:2: 1021 daAuts
     D:3: 22 daAuts
